 Dungeon Crawl Stone Soup version 0.31-a0-8-gd14b0f4ee2 (webtiles) character file.

Game seed: 8556250777928199431

27 Kuronicle the Ducker (level 3, 0/29 HPs)
             Began as a Human Monk on May 6, 2023.
             Slain by an iguana (8 damage)
             ... on level 2 of the Dungeon.
             The game lasted 00:02:13 (1080 turns).

Kuronicle the Ducker (Human Monk)                   Turns: 1080, Time: 00:02:13

Health: 0/29       AC:  8    Str: 19    XL:     3   Next: 25%
Magic:  3/3        EV:  9    Int: 10    God:
Gold:   0          SH:  0    Dex: 15    Spells: 2/2 levels left

rFire   . .          .
                       - Unarmed
rCold   . . .        (no shield)
rNeg    . . .        i - +0 chain mail
rPois   .            (no helmet)
rElec   .            (no cloak)
rCorr   .            (no gloves)
SInv    .            (no boots)
Will    .....        (no amulet) Stlth
                     h - +6 ring of strength
HPRegen 0.24/turn    (no ring)
MPRegen 0.08/turn

%: no passive effects
@: confused, ambrosia-drunk
A: no striking features
a: no special abilities


You were on level 2 of the Dungeon.
You visited 1 branch of the dungeon, and saw 2 of its levels.

Inventory:

Armour
 a - a +0 pair of gloves
 i - a +0 chain mail (worn)
Jewellery
 h - a +6 ring of strength (left hand)
Potions
 c - a potion of berserk rage {unknown}
 d - a potion of curing {unknown}


   Skills:
 - Level 3.0 Fighting
 * Level 1.0 Armour
 + Level 3.6 Dodging
 - Level 1.0 Stealth
 * Level 3.1 Unarmed Combat


You had 2 spell levels left.
You didn't know any spells.
Your spell library was empty.

Dungeon Overview and Level Annotations

Branches:
Dungeon (2/15)

Altars:


Message History

The iguana closely misses you.
You hit the iguana.
The iguana is lightly wounded.
The giant cockroach waves its antennae.
The giant cockroach barely misses you.
You hit the iguana but do no damage.
The iguana is lightly wounded.
The iguana barely misses you.
The giant cockroach bites you but does no damage.
You hit the iguana but do no damage.
The iguana is lightly wounded.
The iguana bites you! The giant cockroach closely misses you.
You barely miss the iguana.
The iguana is lightly wounded.
The iguana bites you!
The giant cockroach bites you but does no damage.
You barely miss the iguana.
The iguana is lightly wounded.
The iguana bites you but does no damage.
The giant cockroach barely misses you.
You punch the iguana!
The iguana is heavily wounded.
The iguana bites you!
* * * LOW HITPOINT WARNING * * *
The giant cockroach barely misses you.
You completely miss the iguana.
The iguana is heavily wounded.
The giant cockroach bites you.
* * * LOW HITPOINT WARNING * * *
The iguana barely misses you.
You closely miss the iguana. You punch the iguana.
The iguana is heavily wounded.
The giant cockroach bites you but does no damage.
The iguana bites you.
* * * LOW HITPOINT WARNING * * *
You are confused.
You feel invigorated.
The giant cockroach bites you but does no damage.
The iguana bites you!
You die...

### ... ## ..8. ..
..... #. #...<. #.#.
####......
#.#.##..B..8...
#.#....@l......
#.#....#####.##
#####.##.###
.#...#.#..#.. .#
..........#.# #.# #
P.P......#.# #.# .#
#+###....#.#
#.#+###.#+##
#..#.#.###..........#
#>..................+


You could see an iguana and a giant cockroach.

Vanquished Creatures
  A dart slug (D:2)
  4 endoplasms (D:1)
  4 giant cockroaches (D:1)
  2 goblins (D:1)
  2 hobgoblins (D:1)
  3 quokkas (D:2)
  4 kobolds
20 creatures vanquished.

Notes
Turn   | Place    | Note
-------+----------+-------------------------------------------
     0 | D:1      | Kuronicle the Human Monk began the quest for the Orb.
     0 | D:1      | Reached XP level 1. HP: 18/18 MP: 1/1
   171 | D:1      | Reached XP level 2. HP: 20/24 MP: 2/2
   636 | D:1      | Found a faded altar of an unknown god.
   960 | D:2      | Reached skill level 1 in Stealth
   960 | D:2      | Reached XP level 3. HP: 29/29 MP: 3/3
  1070 | D:2      | Reached skill level 1 in Armour
  1080 | D:2      | Slain by an iguana

Illustrated notes

Levels and vault maps discovered:
D:1:      pf_arrival_petrified_forest, layout_basic,
          dreamdust_ecumenical_altar_angels_and_demons
D:2:      layout_basic, basic_altar, grunt_ministairs_1, cheibrodos_gnoll_hut

Skill      XL: |  1  2  3 |
---------------+----------+-----
Stealth        | 1 |  1.0
Armour         | 1 |  1.0
Fighting       | |  3.0
Dodging        | |  3.6
Unarmed Combat | |  3.1

Action                     || total
---------------------------++-------
  Melee: Unarmed           ||    81
         Punch             ||     1
    Use: Scroll            ||     3
         Potion            ||     1
   Stab: Sleeping          ||     2
 Armour: Robe              ||    10
         Chain mail        ||    12
  Dodge: Dodged            ||    39

Table legend: (Time is in decaauts)
 A = Elapsed time spent in this place.
 B = Non-inter-level travel time spent in this place.
 C = Inter-level travel time spent in this place.
 D = Time resting spent in this place.
 E = Time spent auto-exploring this place.
 F = Levels seen in this place.
 G = Mean time per level.
                   A        B        C        D        E       F      G
               +--------+--------+--------+--------+--------+-----+--------+
         Total |   1074 |   1032 |     42 |      0 |    768 |   2 |  537.0 |
       Dungeon |   1074 |   1032 |     42 |      0 |    768 |   2 |  537.0 |
               +--------+--------+--------+--------+--------+-----+--------+

Top non-repeatable levels by time:
     D:1: 941 daAuts
     D:2: 133 daAuts
